[Event "Titled Tuesday Blitz January 11 2022"]
[White "Real De Azua, Ernesto"]
[Black "Leitao, Rafael"]
[WhiteFideId "108154"]
[BlackFideId "2101246"]
[WhiteElo "2476"]
[BlackElo "2609"]
[Result "1-0"]
[Round "10"]
[TimeControl "180+1"]
[Date "2022.01.11"]
[WhiteClock "0:00:47"]
[BlackClock "0:01:29"]

1. d4 Nf6 2. c4 g6 3. Nc3 Bg7 4. e4 d6 5. Nf3 O-O 6. Be2 e5 7. Be3 Na6 8. O-O c6 9. d5 c5 10. Nd2 Ne8 11. Rc1 Qe7 12. a3 Bd7 13. Kh1 f5 14. exf5 gxf5 15. f4 Nf6 16. b4 cxb4 17. axb4 Nxb4 18. Qb3 a5 19. c5 Kh8 20. cxd6 Qxd6 21. Nc4 Qe7 22. Nxe5 a4 23. Qa3 Rfe8 24. d6 1-0


[Site "https://www.chess.com"]

[Event "Titled Tuesday Blitz January 11 2022"]
[White "Reprintsev, Alexander"]
[Black "Petrovskyi, Vadym"]
[WhiteFideId "14100541"]
[BlackFideId "14165210"]
[WhiteElo "2126"]
[BlackElo "2424"]
[Result "1-0"]
[Round "10"]
[TimeControl "180+1"]
[Date "2022.01.11"]
[WhiteClock "0:00:29"]
[BlackClock "0:00:19"]

1. e4 c5 2. b3 g6 3. Bb2 Nf6 4. e5 Nd5 5. Nc3 Nc7 6. d4 cxd4 7. Qxd4 Ne6 8. Qe4 Bg7 9. O-O-O O-O 10. Nf3 Nc6 11. h4 Qa5 12. Bb5 Nb4 13. a4 Rd8 14. Nd5 Nxd5 15. Rxd5 Qc7 16. h5 a6 17. Bc4 b5 18. axb5 Bb7 19. hxg6 hxg6 20. bxa6 Bxd5 21. Qxd5 Qb6 22. Nd4 Rac8 23. Nxe6 dxe6 24. Qf3 Rxc4 25. bxc4 Qxa6 26. Rd1 Rxd1+ 27. Qxd1 Qxc4 28. g3 Qd5 29. f4 Qg2 30. Qd3 Qg1+ 31. Kd2 Qf2+ 32. Kc3 g5 33. Bc1 gxf4 34. Bxf4 Qc5+ 35. Kb3 Bxe5 36. Bxe5 Qxe5 37. c4 f5 38. Kb4 Qb8+ 39. Ka5 Qc7+ 40. Kb5 Qb7+ 41. Ka5 Qa7+ 42. Kb5 Qb8+ 43. Ka5 Kf7 44. c5 Qc7+ 45. Kb5 Qb7+ 46. Ka5 Kg6 47. Qd8 e5 48. Qb6+ Qxb6+ 49. cxb6 f4 50. gxf4 exf4 51. b7 e5 52. b8=Q Kf5 53. Kb4 f3 54. Kc3 Kf4 55. Kd2 f2 56. Ke2 f1=Q+ 57. Kxf1 1-0


[Site "https://www.chess.com"]

[Event "Titled Tuesday Blitz January 11 2022"]
[White "Rustemov, Alexander"]
[Black "Williams, Simon K"]
[WhiteFideId "4119002"]
[BlackFideId "404454"]
[WhiteElo "2806"]
[BlackElo "2468"]
[Result "1-0"]
[Round "10"]
[TimeControl "180+1"]
[Date "2022.01.11"]
[WhiteClock "0:00:09"]
[BlackClock "0:00:09"]

1. d4 e6 2. Nf3 f5 3. g3 Nf6 4. Bg2 Be7 5. O-O O-O 6. b3 a5 7. Bb2 a4 8. Qc1 Ne4 9. c4 Bf6 10. e3 d6 11. Nfd2 Nxd2 12. Nxd2 e5 13. dxe5 dxe5 14. Rd1 Qe8 15. Ba3 Be7 16. Bxe7 Qxe7 17. c5 Nc6 18. Qc3 e4 19. b4 Ne5 20. Nc4 Nxc4 21. Qxc4+ Be6 22. Qc3 Qf6 23. Qxf6 Rxf6 24. a3 Rff8 25. Rd4 Rfd8 26. Rad1 Rxd4 27. Rxd4 Kf7 28. f3 exf3 29. Bxf3 c6 30. Kf2 Ke7 31. e4 fxe4 32. Rxe4 Kf6 33. Ke3 Bb3 34. Rf4+ Ke7 35. Be4 h6 36. Bd3 Rd8 37. Rd4 Rf8 38. Re4+ Kd7 39. Rf4 Re8+ 40. Re4 Rf8 41. Rd4+ Kc7 42. Rf4 Rd8 43. Re4 Rd7 44. h4 b6 45. cxb6+ Kxb6 46. Re5 Rf7 47. h5 Bd5 48. Be4 Bxe4 49. Kxe4 Rf1 50. Ra5 Rh1 51. g4 Rg1 52. Kf4 Rf1+ 53. Kg3 Rf7 54. Rxa4 Kb5 55. Ra5+ Kb6 56. Ra8 Kb5 57. Rb8+ Kc4 58. Rb6 Kd5 59. Ra6 c5 60. Ra5 Ke4 61. Rxc5 Rf3+ 62. Kh4 Rxa3 63. Rc7 Rb3 64. Rxg7 Rxb4 65. Rg6 Kf3 66. Kh3 Rb1 67. Rf6+ Ke4 68. Rxh6 Kf4 69. Rf6+ Kg5 70. Rf5+ Kh6 71. Kg3 Rb3+ 72. Rf3 Rb1 73. Kf4 Rb4+ 74. Kf5 Rb5+ 75. Kf4 Rb4+ 76. Kg3 Kg5 77. Rf5+ Kh6 78. Rf6+ Kg7 79. Rg6+ Kh7 80. Kh4 Rb1 81. Rf6 Kg7 82. Kg5 Rb5+ 83. Rf5 Rb1 84. h6+ Kh7 85. Rf7+ Kg8 86. Rg7+ Kh8 87. Re7 Rb5+ 88. Kg6 Rb6+ 89. Kh5 Rb1 90. g5 Rb6 91. Rf7 Rc6 92. Rf6 Rc7 93. g6 Rc5+ 94. Kg4 Rc4+ 95. Rf4 Rc8 96. g7+ Kh7 97. Rf8 1-0


[Site "https://www.chess.com"]

[Event "Titled Tuesday Blitz January 11 2022"]
[White "Sadhwani, Raunak"]
[Black "Sjugirov, Sanan"]
[WhiteFideId "35093487"]
[BlackFideId "4189302"]
[WhiteElo "2616"]
[BlackElo "2602"]
[Result "1/2-1/2"]
[Round "10"]
[TimeControl "180+1"]
[Date "2022.01.11"]
[WhiteClock "0:00:07"]
[BlackClock "0:00:09"]

1. d4 d5 2. Nf3 e6 3. Bf4 c5 4. e3 Qb6 5. Qc1 Nf6 6. Nbd2 Nc6 7. c3 Bd7 8. Bd3 Rc8 9. a3 Nh5 10. Be5 f6 11. Bg3 g6 12. Qb1 Kf7 13. O-O Nxg3 14. hxg3 Be7 15. Re1 cxd4 16. exd4 Kg7 17. g4 Qc7 18. Nf1 Qf4 19. Ne3 Bd6 20. Qd1 h5 21. g3 Qh6 22. g5 fxg5 23. c4 g4 24. Nh4 Ne7 25. cxd5 exd5 26. Bxg6 Qg5 27. Bd3 Rhf8 28. Qd2 Kg8 29. Re2 Rf7 30. Rae1 Rcf8 31. Bb1 Qg7 32. Ba2 Bc6 33. b4 a6 34. a4 Kh8 35. Bb3 b5 36. a5 Bb7 37. Neg2 Nc6 38. Re6 Bxb4 39. Qh6+ Qxh6 40. Rxh6+ Kg7 41. Ree6 Rf6 42. Nf4 Rxh6 43. Bxd5 Rxe6 44. Nxe6+ Kf7 45. Nc5+ Ke7 46. Nxb7 Nxd4 47. Ng6+ Ke8 48. Nxf8 Kxf8 49. Kg2 Ke8 50. Be4 Ke7 51. Bg6 Bc3 52. Bxh5 b4 53. Nc5 b3 54. Nxa6 b2 55. Bg6 Bxa5 56. Nc5 Kf6 57. Bb1 Ke5 58. Nd3+ Kf6 59. Nc5 Ne2 60. Na4 Bc3 61. f3 Be5 62. fxg4 Bd4 63. Kf3 Nc3 64. Nxc3 Bxc3 65. g5+ Kxg5 66. g4 Bg7 67. Bc2 Bf6 68. Bb1 Bg7 69. Bc2 Bf6 70. Bb1 Bg7 1/2-1/2


[Site "https://www.chess.com"]

[Event "Titled Tuesday Blitz January 11 2022"]
[White "Sarana, Alexey"]
[Black "Hakobyan, Aram"]
[WhiteFideId "24133795"]
[BlackFideId "13306677"]
[WhiteElo "2665"]
[BlackElo "2557"]
[Result "0-1"]
[Round "10"]
[TimeControl "180+1"]
[Date "2022.01.11"]
[WhiteClock "0:00:32"]
[BlackClock "0:00:37"]

1. d4 Nf6 2. c4 e6 3. Nc3 Bb4 4. e3 Bxc3+ 5. bxc3 c5 6. Bd3 d6 7. e4 Nc6 8. Ne2 e5 9. O-O O-O 10. Kh1 Re8 11. d5 Ne7 12. f3 Ng6 13. g4 h6 14. Be3 Nh7 15. Qd2 Ng5 16. Ng3 Nh3 17. Nh5 Kh7 18. a4 b6 19. a5 bxa5 20. Qa2 Nhf4 21. Nxf4 exf4 22. Bf2 Ne5 23. Be2 Bd7 24. Qxa5 Qxa5 25. Rxa5 Reb8 26. Ra2 a5 27. Rfa1 a4 28. Bd1 a3 29. Kg1 Rb2 30. Kf1 Nxc4 31. Ke1 Ne5 32. Be2 Bb5 33. Bxb5 Nxf3+ 34. Kd1 Rxb5 35. Kc2 Ne5 36. h3 Nc4 37. Kd3 Ne5+ 38. Kc2 Rab8 39. Be1 Rb2+ 40. Kd1 Rxa2 41. Rxa2 Rb1+ 42. Ke2 Rb2+ 0-1


[Site "https://www.chess.com"]

[Event "Titled Tuesday Blitz January 11 2022"]
[White "Sargsyan, Anna M."]
[Black "Santos Ruiz, Miguel"]
[WhiteFideId "13308130"]
[BlackFideId "22291482"]
[WhiteElo "2271"]
[BlackElo "2486"]
[Result "1-0"]
[Round "10"]
[TimeControl "180+1"]
[Date "2022.01.11"]
[WhiteClock "0:00:10"]
[BlackClock "0:00:07"]

1. d4 Nf6 2. c4 e6 3. Nf3 d5 4. Nc3 dxc4 5. e4 Bb4 6. Bg5 h6 7. Bxf6 Qxf6 8. Bxc4 c5 9. O-O cxd4 10. e5 Qd8 11. Ne4 Nc6 12. Qe2 Bd7 13. Rad1 Qc7 14. Ng3 Be7 15. Bd3 Nb4 16. Be4 d3 17. Qe3 Bc6 18. a3 Nd5 19. Qxd3 O-O 20. Nh5 Rfd8 21. Qe2 g6 22. Ng3 Kg7 23. Bb1 a6 24. Rc1 Qb6 25. Rfe1 Nf4 26. Qc4 Bxf3 27. Qxf4 Bc6 28. h4 Rd4 29. Qe3 Rad8 30. Ne2 Qxb2 31. Nxd4 Qxd4 32. Be4 Bxa3 33. Qxa3 Bxe4 34. Qe7 Bc6 35. Qf6+ Kg8 36. Re3 Rd5 37. h5 g5 38. Qxh6 Rxe5 39. Rce1 Qg4 40. f3 Qd4 41. Kh1 Rxe3 42. Qxg5+ Kh7 43. Qxe3 Qh4+ 44. Kg1 Qxh5 45. Qd3+ Qg6 46. Qxg6+ Kxg6 47. Kf2 a5 48. Ra1 a4 49. Ke3 b5 50. Kd4 Bd5 51. Kc5 Bc4 52. g4 Kg5 53. Ra3 Kf4 54. Kd4 Bb3 55. Kc5 Kxf3 56. Kxb5 Kxg4 57. Ra1 f5 58. Kc5 f4 59. Kd4 f3 60. Ke3 Bd5 61. Rxa4+ Kg3 62. Rf4 e5 63. Rf5 Kg2 64. Rxe5 f2 65. Rg5+ Kh2 66. Kxf2 Be6 67. Rh5+ Bh3 68. Rh6 Kh1 69. Rxh3# 1-0


[Site "https://www.chess.com"]

[Event "Titled Tuesday Blitz January 11 2022"]
[White "Senthil Maran K"]
[Black "Jobava, Baadur"]
[WhiteFideId "25035681"]
[BlackFideId "13601520"]
[WhiteElo "2194"]
[BlackElo "2617"]
[Result "1-0"]
[Round "10"]
[TimeControl "180+1"]
[Date "2022.01.11"]
[WhiteClock "0:00:03"]
[BlackClock "0:00:02"]

1. d4 d5 2. Nf3 Nf6 3. g3 Bf5 4. c4 c6 5. Nc3 e6 6. Nh4 Be4 7. f3 Bg6 8. Qb3 Qc8 9. Bg2 Nbd7 10. O-O Be7 11. Nxg6 hxg6 12. cxd5 cxd5 13. e4 Nb6 14. Bg5 Qd7 15. Rad1 O-O-O 16. a4 Kb8 17. Nb5 Ka8 18. e5 Ne8 19. Bxe7 Qxe7 20. Rc1 Nc4 21. Rf2 a6 22. Na3 Nxa3 23. bxa3 f6 24. Rfc2 fxe5 25. Rc8+ Rxc8 26. Rxc8+ Ka7 27. dxe5 b6 28. Qc3 Qd7 29. Bf1 Rh5 30. f4 d4 31. Qc4 Nd6 32. exd6 Qxd6 33. Bg2 Rd5 34. Bxd5 exd5 35. Qd3 Qe6 36. Rc7+ Kb8 37. Rxg7 Qd6 38. Qxg6 Qxa3 39. Qf7 Qe3+ 40. Kg2 Qe4+ 41. Kh3 1-0


[Site "https://www.chess.com"]

[Event "Titled Tuesday Blitz January 11 2022"]
[White "Shimanov, Aleksandr"]
[Black "FGHSMN"]
[WhiteFideId "4198603"]
[WhiteElo "2636"]
[BlackElo "2765"]
[Result "1-0"]
[Round "10"]
[TimeControl "180+1"]
[Date "2022.01.11"]
[WhiteClock "0:00:13"]
[BlackClock "0:00:09"]

1. d4 Nf6 2. Nf3 e6 3. Bf4 c5 4. e3 d5 5. Nbd2 Nc6 6. c3 Bd6 7. Bg3 Qe7 8. Ne5 Bxe5 9. dxe5 Nd7 10. Nf3 b6 11. Bd3 Bb7 12. a4 h5 13. Bh4 Qf8 14. Bb5 a6 15. Bxc6 Bxc6 16. O-O f6 17. exf6 gxf6 18. a5 b5 19. b4 e5 20. Qc2 c4 21. Nd2 Qg7 22. g3 Qg4 23. f3 Qe6 24. f4 e4 25. Kg2 f5 26. Rfd1 Qg6 27. Nf1 Nf8 28. Nd2 Ne6 29. Nb1 Qg4 30. Rf1 Rg8 31. Kh1 Ra7 32. Qg2 Rd7 33. Na3 Rdg7 34. Rf2 Kd7 35. Nc2 Kc7 36. Rd2 Kb7 37. Rad1 Rd7 38. h3 Qg6 39. Kh2 Qf7 40. Qe2 Nf8 41. Nd4 Ne6 42. Nxe6 Qxe6 43. Qxh5 Rdg7 44. Rg1 Be8 45. Qd1 Bf7 46. Rdg2 Rh7 47. Qd4 Bh5 48. Rd2 Rd7 49. Bg5 Bf3 50. g4 fxg4 51. h4 Rg6 52. Qe5 Qxe5 53. fxe5 Kc6 54. Kg3 Rh7 55. Bf6 Rg8 56. Rd4 Re8 57. Rf1 Re6 58. Rf2 Rh5 59. Rfd2 Rf5 60. Rxd5 Rexf6 61. Rc5+ Kb7 62. exf6 Rxf6 63. Re5 Kc6 64. Rf2 Rd6 65. h5 Rd1 66. h6 Rg1+ 67. Kf4 Rh1 68. Kg5 g3 69. Rd2 g2 70. Re6+ Kc7 71. Rxg2 Bxg2 72. Kg6 Rg1 73. Kf7 Rh1 74. Kg7 Bh3 75. Rg6 Bf5 76. Rg5 Rf1 77. Rh5 Kd6 78. Rg5 Ke5 79. h7 Rh1 80. h8=Q Rxh8 81. Kxh8 Kf6 82. Rg3 Be6 83. Kh7 Kf5 84. Kh6 Bf7 85. Rg5+ Kf6 86. Rc5 Be8 87. Rc8 Kf5 88. Rxe8 Kg4 89. Rxe4+ Kf3 90. Re6 Ke2 91. Re5 Kd3 92. Re6 Kxc3 93. Rxa6 Kxb4 94. e4 c3 95. e5 Kc5 96. Ra8 b4 97. Rc8+ Kd5 98. a6 Kd4 99. a7 b3 100. a8=Q b2 101. Qa4+ Kd3 102. Rd8+ Ke3 103. Qc2 b1=Q 104. Qxb1 Kf4 105. Qd3 c2 106. Rf8+ Kxe5 107. Rf5+ Ke6 108. Qd5+ Ke7 109. Rf7+ Ke8 110. Qd7# 1-0


[Site "https://www.chess.com"]

[Event "Titled Tuesday Blitz January 11 2022"]
[White "Shkapenko, Pavel"]
[Black "Bodnaruk, Anastasia"]
[WhiteFideId "4151933"]
[BlackFideId "4181751"]
[WhiteElo "2386"]
[BlackElo "2393"]
[Result "1-0"]
[Round "10"]
[TimeControl "180+1"]
[Date "2022.01.11"]
[WhiteClock "0:01:03"]
[BlackClock "0:00:09"]

1. e4 c5 2. c3 Nf6 3. e5 Nd5 4. d4 cxd4 5. cxd4 d6 6. Nf3 e6 7. Nc3 Be7 8. Bd3 Nc6 9. O-O O-O 10. Qc2 h6 11. Qe2 Nxc3 12. bxc3 d5 13. Bc2 f5 14. exf6 Rxf6 15. Qd3 Bd7 16. Qh7+ Kf7 17. Ne5+ Nxe5 18. dxe5 Rf5 19. Bxf5 exf5 20. Bxh6 Bf8 21. Be3 Rc8 22. e6+ Bxe6 23. Bd4 Qg5 24. Rfe1 Rc6 25. h4 Qg6 26. Qxg6+ Kxg6 27. Bxa7 f4 28. Bd4 Kf7 29. Rab1 Bc8 30. Re5 Rd6 31. Rb5 Be7 32. Rxe7+ Kxe7 33. Bc5 Ke6 34. Bxd6 Kxd6 35. Rb6+ Kc5 36. Rg6 Kc4 37. Rxg7 Kxc3 38. Rc7+ 1-0


[Site "https://www.chess.com"]

[Event "Titled Tuesday Blitz January 11 2022"]
[White "Sipetin, Vladislav"]
[Black "Kobalia, Mikhail"]
[WhiteFideId "24176893"]
[BlackFideId "4119150"]
[WhiteElo "2228"]
[BlackElo "2667"]
[Result "1/2-1/2"]
[Round "10"]
[TimeControl "180+1"]
[Date "2022.01.11"]
[WhiteClock "0:00:12"]
[BlackClock "0:00:18"]

1. e4 c5 2. c3 Nf6 3. e5 Nd5 4. d4 cxd4 5. Nf3 e6 6. cxd4 d6 7. Bd3 dxe5 8. dxe5 Nb4 9. Bb5+ Bd7 10. Bxd7+ Qxd7 11. Nc3 Qxd1+ 12. Kxd1 N8c6 13. Be3 O-O-O+ 14. Ke2 Nc2 15. Rad1 Nxe3 16. Rxd8+ Kxd8 17. Kxe3 Bc5+ 18. Ke2 Ke7 19. Rd1 a6 20. Ne4 Ba7 21. a3 h6 22. b4 Bb8 23. Nc5 Rd8 24. Nxb7 Rxd1 25. Kxd1 Nxe5 26. Nxe5 Bxe5 27. Nc5 Bd4 28. Nxa6 Bxf2 29. a4 Kd6 30. Ke2 Bg1 31. h3 f5 32. b5 Bb6 33. Nb4 e5 34. Nc6 e4 35. a5 Bc5 36. a6 Kc7 37. h4 g5 38. h5 Kb6 39. Ne5 Kxb5 40. Nf7 Kxa6 41. Nxh6 f4 42. Ng4 Bd4 43. Nf2 e3 44. Nh3 Bf6 45. h6 Kb5 46. h7 Kc4 47. Nxg5 Kd5 48. Nf7 Ke6 49. h8=Q Bxh8 50. Nxh8 Kf6 51. g3 fxg3 52. Kxe3 Kg7 53. Kf3 Kxh8 54. Kg2 Kg8 55. Kxg3 1/2-1/2


[Site "https://www.chess.com"]

[Event "Titled Tuesday Blitz January 11 2022"]
[White "Stromboli, Ettore"]
[Black "Supatashvili, Khvicha"]
[WhiteFideId "813761"]
[BlackFideId "13600664"]
[WhiteElo "2414"]
[BlackElo "2698"]
[Result "0-1"]
[Round "10"]
[TimeControl "180+1"]
[Date "2022.01.11"]
[WhiteClock "0:00:05"]
[BlackClock "0:00:04"]

1. e4 c6 2. d4 d5 3. Nc3 dxe4 4. Nxe4 Bf5 5. Ng3 Bg6 6. N3e2 Nf6 7. Nf3 e6 8. Nf4 Bf5 9. Bc4 Bd6 10. Qe2 O-O 11. O-O Qc7 12. Nd3 Bg4 13. h3 Bh5 14. Bg5 Nbd7 15. Rfe1 Nd5 16. Bb3 b5 17. a4 a6 18. c3 h6 19. Bd2 Rae8 20. g4 Bg6 21. Nde5 Bh7 22. axb5 axb5 23. Ra6 Nb8 24. Ra2 f6 25. Nd3 Nd7 26. Rea1 Re7 27. Ra7 Qd8 28. Rb7 N7b6 29. Rxe7 Qxe7 30. Ra6 Re8 31. Bxd5 Nxd5 32. Rxc6 Bg6 33. Ra6 Qd7 34. Nh4 Bf7 35. Ng2 e5 36. dxe5 fxe5 37. Ne3 Nf4 38. Qf1 e4 39. Nxf4 Bxf4 40. Bc1 Rd8 41. Ra1 Qb7 42. Nf5 Be5 43. Be3 b4 44. Ra7 Qc6 45. cxb4 Qc2 46. Qb5 Qd1+ 47. Kg2 Qf3+ 48. Kg1 Rd1+ 49. Qf1 Bh2+ 50. Kxh2 Rxf1 51. Ng3 Bc4 52. Ra8+ Kh7 53. Ra7 Rxf2+ 54. Bxf2 Qxf2+ 55. Kh1 Qxg3 56. Rd7 Be2 57. Rf7 Bf3+ 58. Rxf3 exf3 59. g5 Qg2# 0-1


[Site "https://www.chess.com"]

[Event "Titled Tuesday Blitz January 11 2022"]
[White "Svane, Rasmus"]
[Black "Kravtsiv, Martyn"]
[WhiteFideId "4657101"]
[BlackFideId "14113147"]
[WhiteElo "2645"]
[BlackElo "2694"]
[Result "1-0"]
[Round "10"]
[TimeControl "180+1"]
[Date "2022.01.11"]
[WhiteClock "0:00:34"]
[BlackClock "0:00:13"]

1. d4 d5 2. Nf3 Nf6 3. c4 e6 4. g3 Bb4+ 5. Bd2 Be7 6. Bg2 O-O 7. O-O c6 8. Qc2 Nbd7 9. Bf4 Nh5 10. Be3 b6 11. Nc3 Bb7 12. Rac1 Nhf6 13. Rfd1 dxc4 14. Nd2 Nd5 15. Nxc4 Nxe3 16. Nxe3 Rc8 17. a3 Ba8 18. Qa4 a5 19. b4 axb4 20. axb4 b5 21. Qb3 Nb6 22. Ne4 Nd5 23. Nc5 Bg5 24. f4 Be7 25. Ng4 Qb6 26. Nd7 Qd8 27. Nxf8 Qxf8 28. Bxd5 exd5 29. Rb1 Bb7 30. Ne5 Ra8 31. Nd7 Qd8 32. Nc5 Bc8 33. Ra1 Bh3 34. Rxa8 Qxa8 35. Qc3 h6 36. Ra1 Qc8 37. Qe3 Bd6 38. Ra7 Qf5 39. Ra8+ Kh7 40. Qd3 Qxd3 41. Nxd3 Bf5 42. Nc5 Be7 43. Ra6 Bxc5 44. dxc5 Bd7 45. Ra7 Bg4 46. Kf2 1-0


[Site "https://www.chess.com"]

[Event "Titled Tuesday Blitz January 11 2022"]
[White "Terry, Renato"]
[Black "Ezat, Mohamed"]
[WhiteFideId "3803457"]
[BlackFideId "10600906"]
[WhiteElo "2577"]
[BlackElo "2386"]
[Result "1-0"]
[Round "10"]
[TimeControl "180+1"]
[Date "2022.01.11"]
[WhiteClock "0:00:03"]
[BlackClock "0:00:01"]

1. e4 c6 2. Nf3 d5 3. exd5 cxd5 4. Ne5 Nc6 5. d4 Nf6 6. c3 e6 7. Bd3 Bd6 8. f4 O-O 9. Qe2 Qc7 10. O-O b6 11. Nd2 Bb7 12. Rf3 Ne7 13. Rh3 Ng6 14. g3 Rae8 15. Qf3 Re7 16. g4 Rfe8 17. g5 Ne4 18. Nxe4 dxe4 19. Bxe4 Bxe4 20. Qxe4 f5 21. gxf6 gxf6 22. Nxg6 hxg6 23. Be3 Rg7 24. Kh1 Qc4 25. Bd2 Qd5 26. Re3 Kf7 27. Rae1 Rh8 28. c4 Qxe4+ 29. Rxe4 Rgh7 30. R1e2 Re8 31. d5 e5 32. fxe5 fxe5 33. Rf2+ Kg8 34. Kg2 Rh5 35. Rfe2 Rf5 36. Be1 Ref8 37. Bg3 Re8 38. b3 Kf7 39. Rh4 Kg7 40. Rg4 Kf7 41. Rge4 Kg7 42. Re1 a6 43. Rh4 g5 44. Rhe4 Kg6 45. R1e2 b5 46. Bf2 bxc4 47. bxc4 Rc8 48. Bg3 Rc7 49. Rb2 Rf6 50. Rb6 a5 51. Ra6 Rb7 52. Re2 Bc5 53. Rxa5 Bd4 54. Ra8 Kf5 55. Rg8 Kg4 56. h3+ Kf5 57. Rc8 Kg6 58. Rc6 Rb1 59. Rxf6+ Kxf6 60. Rc2 1-0


[Site "https://www.chess.com"]

[Event "Titled Tuesday Blitz January 11 2022"]
[White "Triapishko, Alexandr"]
[Black "Lysyj, Igor"]
[WhiteFideId "14122286"]
[BlackFideId "4150120"]
[WhiteElo "2479"]
[BlackElo "2611"]
[Result "0-1"]
[Round "10"]
[TimeControl "180+1"]
[Date "2022.01.11"]
[WhiteClock "0:00:01"]
[BlackClock "0:00:10"]

1. Nf3 Nf6 2. g3 d5 3. Bg2 e6 4. O-O Be7 5. d3 O-O 6. Bf4 b6 7. e4 dxe4 8. dxe4 Bb7 9. Qxd8 Rxd8 10. Bxc7 Rc8 11. Bxb8 Raxb8 12. c3 Bxe4 13. Nbd2 Ba8 14. Ne5 Bxg2 15. Kxg2 Rc7 16. Rfd1 Nd5 17. Ndf3 f6 18. Nd3 Kf7 19. Nd4 b5 20. Rac1 Bf8 21. Nxb5 Rxb5 22. c4 Ra5 23. cxd5 Rxc1 24. dxe6+ Kxe6 25. Nxc1 Bd6 26. Rd3 f5 27. Kf3 g5 28. h3 h5 29. a3 g4+ 30. hxg4 hxg4+ 31. Ke2 Be5 32. Re3 Kd5 33. Nd3 Bd6 34. Re8 Ra4 35. Kd2 Re4 36. Rd8 Kc6 37. b4 a6 38. Rg8 a5 39. bxa5 Ra4 40. Rg5 Rxa5 41. a4 Kd7 42. Nb2 Ke6 43. Nc4 Bb4+ 44. Kc2 Rd5 45. Kb3 Be1 46. Rg6+ Kf7 47. Rh6 Bxf2 48. a5 Bxg3 49. a6 Bf2 50. Rh7+ Kg6 51. a7 Bxa7 52. Rxa7 g3 53. Ra8 f4 54. Kc3 Rg5 55. Kd4 g2 56. Ne5+ Kf5 0-1


[Site "https://www.chess.com"]

[Event "Titled Tuesday Blitz January 11 2022"]
[White "Wagh Suyog"]
[Black "Deac, Bogdan-Daniel"]
[WhiteFideId "25071688"]
[BlackFideId "1226380"]
[WhiteElo "2181"]
[BlackElo "2646"]
[Result "0-1"]
[Round "10"]
[TimeControl "180+1"]
[Date "2022.01.11"]
[WhiteClock "0:01:41"]
[BlackClock "0:00:25"]

1. d4 Nf6 2. c4 g6 3. Nc3 d5 4. cxd5 Nxd5 5. e4 Nxc3 6. bxc3 Bg7 7. Nf3 c5 8. Bc4 O-O 9. O-O Bg4 10. Be3 cxd4 11. cxd4 Nc6 12. d5 Ne5 13. Be2 Nxf3+ 14. Bxf3 Bxf3 15. gxf3 Bxa1 16. Qxa1 f6 17. Qb2 Qd7 18. Bf4 Rac8 19. Qb3 b6 20. Rd1 Kg7 21. Qe3 Qh3 22. e5 Qf5 23. Bh6+ Kg8 24. Bxf8 Rxf8 25. e6 Rd8 26. d6 exd6 27. e7 Re8 28. Rxd6 Kf7 29. Qb3+ Kg7 30. Rc6 Rxe7 31. Rc1 Qg5+ 0-1


[Site "https://www.chess.com"]

[Event "Titled Tuesday Blitz January 11 2022"]
[White "Yeletsky, Ivan"]
[Black "Yoo, Christopher Woojin"]
[WhiteFideId "24180327"]
[BlackFideId "30909694"]
[WhiteElo "2348"]
[BlackElo "2105"]
[Result "0-1"]
[Round "10"]
[TimeControl "180+1"]
[Date "2022.01.11"]
[WhiteClock "0:01:01"]
[BlackClock "0:02:04"]

1. d4 Nf6 2. c4 e6 3. Nf3 d5 4. e3 c5 5. cxd5 exd5 6. Bb5+ Nc6 7. O-O cxd4 8. Nxd4 Bd7 9. Nc3 Bd6 10. Nf3 Ne7 11. b3 O-O 12. Bxd7 Qxd7 13. Bb2 Rac8 14. Ne2 Ne4 15. Qd3 Nc5 16. Qd4 Ne6 17. Qg4 f5 18. Qh5 Rc2 19. Ne5 Qe8 20. Qxe8 Rxe8 21. Nd4 Rxb2 22. Nd3 Rd2 0-1


[Site "https://www.chess.com"]

[Event "Titled Tuesday Blitz January 11 2022"]
[White "Alavkin, Arseny"]
[Black "Terry, Renato"]
[WhiteFideId "4120612"]
[BlackFideId "3803457"]
[WhiteElo "2391"]
[BlackElo "2577"]
[Result "0-1"]
[Round "11"]
[TimeControl "180+1"]
[Date "2022.01.11"]
[WhiteClock "0:00:14"]
[BlackClock "0:00:12"]

1. d4 e6 2. c4 Bb4+ 3. Nc3 c5 4. d5 Bxc3+ 5. bxc3 Qa5 6. e4 Nf6 7. f3 d6 8. Bd3 Nbd7 9. Ne2 Ne5 10. Bf4 O-O 11. Bxe5 dxe5 12. O-O Bd7 13. Qc2 Qc7 14. Qd2 Ne8 15. Rab1 b6 16. Qg5 f6 17. Qg3 Nd6 18. Kh1 Rae8 19. Nc1 exd5 20. exd5 Qc8 21. Re1 Bf5 22. Qh4 Qa6 23. Bxf5 Nxf5 24. Qg4 Nd6 25. Rb2 Rf7 26. Rbe2 Qxc4 27. Qxc4 Nxc4 28. Re4 Nd6 29. Ra4 c4 30. Ne2 Rc7 31. Ng3 f5 32. Nf1 Ree7 33. g3 Kf7 34. Ne3 Rc5 35. Rd1 h5 36. Kg1 g5 37. Kf2 f4 38. gxf4 gxf4 39. Nc2 a5 40. Na3 Ra7 41. Nc2 Nb5 42. d6 Ke6 43. Re1 Kxd6 44. Rg1 Nxc3 45. Ra3 Nb5 46. Ra4 Rd7 47. Na3 Nxa3 48. Rxa3 Kc7 49. Rc3 b5 50. Ke2 b4 51. Rc2 c3 52. Rg5 Rcd5 53. Rxh5 Rd2+ 54. Rxd2 Rxd2+ 55. Ke1 Rxa2 56. Kd1 b3 57. Rh7+ Kb6 58. Rh8 Ra1+ 59. Ke2 b2 60. Rb8+ Kc7 61. Rxb2 cxb2 62. Kd3 b1=Q+ 63. Kc4 Qb4+ 64. Kd5 Qd6+ 65. Ke4 Qg6+ 66. Kxe5 Re1+ 67. Kxf4 Qf6+ 68. Kg3 Re2 69. h4 Qe5+ 70. Kg4 Rg2+ 71. Kh3 Qh2# 0-1


[Site "https://www.chess.com"]

[Event "Titled Tuesday Blitz January 11 2022"]
[White "Andreikin, Dmitry"]
[Black "Janaszak, Dawid"]
[WhiteFideId "4158814"]
[BlackFideId "1119206"]
[WhiteElo "2736"]
[BlackElo "2199"]
[Result "1-0"]
[Round "11"]
[TimeControl "180+1"]
[Date "2022.01.11"]
[WhiteClock "0:00:09"]
[BlackClock "0:00:01"]

1. e4 c5 2. Nc3 Nc6 3. Nge2 g6 4. g3 Bg7 5. Bg2 d6 6. d3 Nf6 7. h3 O-O 8. Bg5 h6 9. Be3 e5 10. Qd2 Kh7 11. O-O Ne8 12. f4 f5 13. Nd5 Nc7 14. c4 Ne6 15. Rae1 Bd7 16. Nec3 Ncd4 17. fxe5 dxe5 18. exf5 gxf5 19. Kh1 Bc6 20. Qd1 Qd7 21. Qh5 Qf7 22. Qh4 Rae8 23. Ne4 Qg6 24. Nd6 Rd8 25. Ne7 Qf6 26. Qxf6 Rxf6 27. Ndxf5 Nxf5 28. Rxf5 Bxg2+ 29. Kxg2 Rxd3 30. Rxf6 Bxf6 31. Nd5 Bg7 32. Kf3 b5 33. b3 bxc4 34. bxc4 Ra3 35. Rb1 Nd4+ 36. Ke4 Rxa2 37. Rb7 Kg6 38. g4 a5 39. h4 h5 40. gxh5+ Kxh5 41. Rxg7 Rh2 42. Nf6+ 1-0


[Site "https://www.chess.com"]

[Event "Titled Tuesday Blitz January 11 2022"]
[White "Boyer, Mahel"]
[Black "Deac, Bogdan-Daniel"]
[WhiteFideId "45102422"]
[BlackFideId "1226380"]
[WhiteElo "2328"]
[BlackElo "2646"]
[Result "1/2-1/2"]
[Round "11"]
[TimeControl "180+1"]
[Date "2022.01.11"]
[WhiteClock "0:00:03"]
[BlackClock "0:00:11"]

1. e4 e5 2. Nf3 Nc6 3. Bc4 Bc5 4. c3 Nf6 5. d3 d6 6. Bb3 a5 7. h3 O-O 8. Bg5 h6 9. Bh4 g5 10. Nxg5 hxg5 11. Bxg5 Kg7 12. Qf3 Be6 13. Nd2 Rh8 14. Nf1 Rh6 15. Ng3 Qh8 16. h4 Ng8 17. Nf5+ Bxf5 18. Qxf5 Rf8 19. Rh3 Rg6 20. h5 Nge7 21. Qg4 Rxg5 22. Qxg5+ Kh7 23. Rf3 f6 24. Qg4 Qg7 25. Qe6 Qg5 26. Ke2 Qxg2 27. h6 a4 28. Bxa4 f5 29. Bxc6 Nxc6 30. Qd7+ Kxh6 31. exf5 e4 32. Qe6+ Kh7 33. Qxe4 Ne5 34. Rf4 Qxe4+ 35. dxe4 Kg7 36. Rh1 Kf6 37. Rfh4 Kg5 38. Rh5+ Kf6 39. Rh6+ Kf7 40. Rh7+ Ke8 41. R1h6 Kd8 42. Re6 Nd7 43. Ree7 Nf6 44. Rhf7 Rxf7 45. Rxf7 Nxe4 46. f4 c6 47. Rxb7 Ng3+ 48. Kf3 Nxf5 49. b4 Kc8 50. Rf7 Nh4+ 51. Kg4 Bf2 52. Rh7 Ng2 53. Kf3 Nxf4 54. Kxf4 Be1 55. Rh3 d5 56. Ke5 Kc7 57. a4 Kb6 58. Kd6 d4 59. cxd4 Bxb4+ 60. Kd7 c5 61. Rh6+ Ka5 62. d5 c4 63. Rc6 c3 64. d6 Kxa4 65. Ke6 Bxd6 66. Kxd6 Kb3 67. Kd5 c2 68. Kd4 Kb2 69. Rb6+ Ka1 70. Rc6 Kb1 71. Rb6+ Ka1 72. Ra6+ Kb1 73. Rb6+ Ka1 1/2-1/2


[Site "https://www.chess.com"]

[Event "Titled Tuesday Blitz January 11 2022"]
[White "Bryakin, Mikhail"]
[Black "Piesik, Piotr"]
[WhiteFideId "4165314"]
[BlackFideId "1136194"]
[WhiteElo "2421"]
[BlackElo "2232"]
[Result "1/2-1/2"]
[Round "11"]
[TimeControl "180+1"]
[Date "2022.01.11"]
[WhiteClock "0:02:43"]
[BlackClock "0:02:56"]

1. e4 g6 2. d4 Bg7 3. Nf3 c6 4. Nc3 d6 5. a4 Nf6 6. h3 O-O 7. Be3 Nbd7 8. Be2 e5 9. dxe5 dxe5 10. O-O Qe7 11. a5 Nc5 12. Nd2 Rd8 13. Qb1 Ne6 14. b4 Nd4 15. Bd3 Be6 16. Qb2 1/2-1/2


[Site "https://www.chess.com"]